 Dungeon Crawl Stone Soup version 0.15.0-12-gccce430 (webtiles) character file.

270038 Patate the Slayer (level 19, -3/200 HPs)
             Began as a Minotaur Berserker on Aug 30, 2014.
             Was a High Priest of Trog.
             Slain by a Shadow Fiend (4 damage)
             ... summoned by a lich
             ... on Level 3 of the Vaults on Aug 31, 2014.
             The game lasted 08:10:51 (59807 turns).

Patate the Slayer (Minotaur Berserker)             Turns: 59807, Time: 08:10:52

HP  -3/200       AC 27     Str 34      XL: 19   Next: 80%
MP  27/27        EV  7     Int  5      God: Trog [*****.]
Gold 3830        SH 15     Dex 10      Spells:  0 memorised, 18 levels left

rFire  + + .     SeeInvis +     T - +9 war axe "Focs" {freeze, Str+1 Stlth+}
rCold  + . .     Clarity  .     Q - +0 plate armour {rF+}
rNeg   + . .     rCorr    .     i - +2 shield {rN+}
rPois  +         rRot     .     (helmet restricted)
rElec  .         Spirit   .     U - +2 cloak {MR+}
SustAb .         Warding  .     a - +0 pair of gloves of Sif Muna's Supremacy {rF+}
rMut   .         Stasis   +     N - +2 pair of boots {Fly}
Gourm  .                        W - amulet "Waxavor" {Stasis MR+}
MR     +++++                    M - ring "Evo Muk" {Str+4 SInv}
                                n - ring of poison resistance

@: flying, regenerating, drained, almost entirely resistant to hostile
enchantments, extremely unstealthy
A: retaliatory headbutt, horns 2, cold resistance 1
a: Burn Spellbooks, Berserk, Trog's Hand, Brothers in Arms, Renounce Religion,
Stop Flying
}: 1/15 runes: gossamer


You were on level 3 of the Vaults.
You worshipped Trog.
Trog was extremely pleased with you.
You were hungry.

You visited 8 branches of the dungeon, and saw 38 of its levels.

You collected 4046 gold pieces.
You spent 216 gold pieces at shops.

Inventory:

Hand weapons
 T - the +9 war axe "Focs" (weapon) {freeze, Str+1 Stlth+}
   (Trog gifted it to you on level 4 of the Orcish Mines)

   It has been specially enchanted to freeze those struck by it, causing extra
   injury to most foes and up to double damage against particularly susceptible
   opponents.
   It can also slow down cold-blooded creatures.
   It affects your strength (+1).
   It makes you more stealthy.
Armour
 a - the +0 pair of gloves of Sif Muna's Supremacy (worn) {rF+}
   (You found it on level 12 of the Dungeon)

   It protects you from fire.
 i - a +2 shield of positive energy (worn)
 N - a +2 pair of boots of flying (worn)
 Q - a +0 plate armour of fire resistance (worn)
 U - a +2 cloak of magic resistance (worn)
Magical devices
 m - a wand of digging (5)
 s - a wand of digging (5)
 w - a wand of teleportation (3)
 y - a wand of paralysis (12)
 H - a wand of polymorph (10)
 K - a wand of hasting (6) {unknown}
 L - a wand of disintegration (11)
 Z - a wand of random effects (8) {unknown}
Comestibles
 b - 9 meat rations
 c - 6 bread rations
 g - 15 royal jellies
 h - 3 slices of pizza
 k - 6 beef jerkies
 l - 4 rotting chunks of orc flesh
 F - 2 chunks of warg flesh
Scrolls
 d - 5 scrolls of remove curse
 f - 7 scrolls of identify
 o - 3 scrolls of fear
 p - 2 scrolls of enchant weapon
 t - a scroll of recharging
 v - 2 scrolls of enchant armour
 x - a scroll of brand weapon
 A - 4 scrolls of magic mapping
 G - 2 scrolls of fog
 J - a scroll of vulnerability {unknown}
 O - 3 scrolls of teleportation
 S - a scroll of summoning
 X - 4 scrolls of blinking
Jewellery
 n - a ring of poison resistance (left hand)
 u - an uncursed ring of protection from fire
 E - an uncursed amulet of faith {unknown}
 M - the ring "Evo Muk" (right hand) {Str+4 SInv}
   (You found it on level 15 of the Dungeon)

   [ring of strength]

   It affects your strength (+4).
   It enhances your eyesight.
 R - an uncursed amulet of stasis {unknown}
 W - the amulet "Waxavor" (around neck) {Stasis MR+}
   (You acquired it on level 1 of the Spider Nest)

   [amulet of stasis]

   It prevents you from being teleported, slowed, hasted or paralysed.
   It affects your resistance to hostile enchantments.
 Y - the ring of Heyr {SustAb rN+}
   (You found it on level 1 of the Spider Nest)

   [ring of sustain abilities]

   It sustains your strength, intelligence and dexterity.
   It protects you from negative energy.
Potions
 e - 5 potions of flight
 q - a potion of resistance
 r - 4 potions of invisibility
 B - 8 potions of curing
 C - 3 potions of might
 D - 5 potions of agility
 I - 5 potions of restore abilities
 P - 4 potions of haste
 V - 2 potions of cancellation
Miscellaneous
 j - a plain deck of wonders
 z - a lamp of fire (inert)


   Skills:
 * Level 24.6(24.1) Fighting
 + Level 21.9(21.5) Axes
 + Level 18.5(18.1) Armour
 - Level 2.1(1.9) Dodging
 - Level 10.4(10.1) Shields
 - Level 10.0(9.7) Evocations


You had 18 spell levels left.
You didn't know any spells.

Dungeon Overview and Level Annotations

Branches:
Dungeon (15/15)            Temple (1/1) D:7             Orc (4/4) D:12
    Elf (0/3) Orc:3          Lair (8/8) D:10         Shoals (0/5) Lair:5
 Spider (5/5) Lair:6        Slime (1/6) Lair:7       Vaults (3/5) D:14
  Crypt (0/3) Vaults:2     Depths (1/5) D:15

Altars:
Ashenzari
Cheibriados
Dithmenos
Elyvilon
Fedhas
Kikubaaqudgha
Makhleb
Nemelex Xobeh
Okawaru
Qazlal
Sif Muna
Trog
Vehumet
Xom
Yredelemnul
Zin
The Shining One
Beogh
Jiyva

Shops:
Orc:4 %(*?   Vaults:1 !   Vaults:3 *

Portals:
Hell: Lair:8 Depths:1

Annotations:
Orc:4 S. Scrolls / S. Food


Innate Abilities, Weirdness & Mutations

You reflexively headbutt those who attack you in melee.
You have a pair of horns on your head.
Your flesh is cold resistant.


Message History

* * * LOW HITPOINT WARNING * * *
The tormentor hits you but does no damage.
You block the Shadow Fiend's attack.
The Shadow Fiend hits you but does no damage.
You block the Shadow Fiend's attack.
The ogre mage is engulfed in roaring flames.
The ogre mage hits you but does no damage.
Evoke which item? (* to show all) (? for menu, Esc to quit)
Zapping:
s - a wand of digging (6)
Press: ? - help, Shift-Dir - straight line, p - cacodemon Nothing appears to happen.
This wand has 5 charges left.
The tormentor is engulfed in roaring flames.
You block the tormentor's attack. The tormentor barely misses you.
The cacodemon gestures at you. The bolt of energy hits you!
* * * LOW HITPOINT WARNING * * *
You block the Shadow Fiend's attack. The Shadow Fiend hits you.
* * * LOW HITPOINT WARNING * * *
The Shadow Fiend hits you.
You die...

..# #...####...'...... ..#
#..§.##....'...... ..#
#########§§.##...##......
..#
#.$#..#(.##§E.##...##......
..#
#O.#..#..#§...##....#......
..#
#..#..#..L§§.####...#......
'####
#..#..#..OE########.######'
....#
#..#..#..#22).......##.....
....#
#..#''#..#@1).......##.....
>...#
#..'..'..######'######.###.
....# #..'..)..# #......#
#..#.. ....# #..#''#..#
#......# #.###. ....#
#..#..#..# #......# #.[#..
....# #..#..#..# #......#
#.###. ....# #.L#..#..#
#......# #..#.. ....#
#..#..#..# #......# #.###.
##### #!.#..#.[# #......#
#.....


You could see a Shadow Fiend, a cacodemon, a lich, an ogre mage, a tormentor and
2 friendly fire elementals.

Vanquished Creatures
  Sojobo (Depths:1)
  Nikola (D:15)
  An acid blob (Slime:1)
  A sphinx (Vaults:2)
  A storm dragon (Depths:1)
  A tengu reaver (D:15)
  Rupert (Lair:6)
  Agnes (Vaults:1)
  A fire giant (Depths:1)
  A frost giant (Vaults:3)
  Donald (Vaults:1)
  Maud (Lair:6)
  5 ghost moths
  6 emperor scorpions
  6 vault wardens
  4 stone giants
  A very ugly thing (D:15)
  5 rakshasas (Depths:1)
  A dire elephant (Depths:1)
  A deep elf annihilator (Vaults:1)
  A minotaur (Depths:1)
  The ghost of benano the Fighter, a powerful GrBe of Trog (Lair:4)
  10 ogre magi
  5 ironheart preservers
  5 yaktaur captains
  4 fire dragons
  Fannar (Lair:7)
  5 great orbs of eyes
  Harold (Lair:5)
  2 vault guards (Vaults:2)
  12 hydras
  2 ice dragons (Vaults:2)
  5 centaur warriors
  A ghost crab (shapeshifter) (D:15)
  Erica (D:10)
  2 tengu warriors (D:15)
  A death yak (Lair:8)
  6 orc high priests (Orc:4)
  A deep troll earth mage (Vaults:2)
  A sun demon (Orc:4)
  A catoblepas (Depths:1)
  2 soul eaters
  A fire crab (shapeshifter) (D:14)
  3 fire crabs
  A flayed ghost (Vaults:2)
  4 deep elf knights
  17 orb spiders
  Erolcha (D:8)
  7 deep trolls (Vaults:2)
  A giant orange brain (Vaults:1)
  2 wizards
  14 orc knights
  5 unseen horrors
  14 hill giants
  A harpy (Vaults:2)
  A tengu zombie (Vaults:1)
  7 ironbrand convokers
  41 wolf spiders
  A deep elf conjurer (Vaults:2)
  A wolf spider zombie (D:13)
  8 griffons
  5 orc sorcerers
  2 moths of wrath
  2 necromancers
  40 ugly things
  10 cyclopes
  An oklob plant (Orc:2)
  A draconian (shapeshifter) (Vaults:2)
  A phantasmal warrior (Vaults:3)
  9 elephants
  A sixfirhy (Lair:8)
  3 manticores
  7 black mambas
  13 vault sentinels
  6 red wasps
  Joseph (Lair:1)
  5 orange demons
  An eye of devastation (Slime:1)
  2 torpor snails
  11 spiny frogs
  3 centaur skeletons
  A gargoyle (D:10)
  A spiny frog (shapeshifter) (Vaults:1)
  A kobold demonologist (Vaults:3)
  2 elves (shapeshifter)
  15 komodo dragons
  14 demonic crawlers
  3 hellwings
  A tormentor (Vaults:3)
  35 yaktaurs
  3 blue devils (Lair:8)
  A deep elf priest (Vaults:2)
  A tengu conjurer (D:14)
  4 fire drakes
  43 jumping spiders
  24 two-headed ogres
  14 trolls
  A red devil (Lair:8)
  5 freezing wraiths
  2 baby alligators (shapeshifter)
  15 slime creatures
  4 ravens (D:15)
  A raven (shapeshifter) (D:15)
  8 boulder beetles
  14 blink frogs
  28 trapdoor spiders
  6 basilisks
  15 tarantellas
  42 redbacks
  An air elemental (Depths:1)
  2 tarantellas (shapeshifter) (Vaults:1)
  2 wyverns
  An ettin skeleton (Vaults:1)
  17 hippogriffs
  2 deep elf fighters
  A trapdoor spider (shapeshifter) (D:15)
  A wyvern (shapeshifter) (Vaults:2)
  3 deep elf magi
  2 vampires
  52 yaks
  5 wraiths
  Eustachio (D:8)
  A chaos spawn (Orc:4)
  A fire bat (shapeshifter) (Vaults:1)
  A hill giant skeleton (D:13)
  42 wolves
  13 vampire mosquitoes
  16 swamp worms (Spider:2)
  15 water moccasins
  Edmund (D:7)
  A yaktaur simulacrum (Vaults:1)
  13 porcupines
  2 mottled dragons
  2 soldier ants (shapeshifter)
  10 wargs
  4 soldier ants
  A tengu skeleton (D:12)
  A hell hound (Lair:8)
  6 ice beasts
  A porcupine (shapeshifter) (Depths:1)
  2 sky beasts
  3 yellow wasps
  42 ogres
  55 orc warriors
  18 spiders
  4 necrophages
  9 crocodiles
  A big kobold (D:11)
  21 centaurs
  18 giant frogs
  A gnoll sergeant (D:3)
  A human skeleton (Vaults:1)
  12 scorpions
  2 eyes of draining
  A warg zombie (Vaults:1)
  4 wights (D:6)
  6 killer bees (D:8)
  8 electric eels
  3 troll zombies
  30 orc priests
  5 crimson imps
  3 centaur zombies
  A two-headed ogre zombie (Vaults:1)
  4 iguanas
  12 jellies
  2 giant frog skeletons (D:12)
  Crazy Yiuf (D:2)
  15 hounds
  25 orc wizards
  2 quasits
  2 spectral orcs (Orc:2)
  13 worker ants
  25 sheep
  2 mottled dragon zombies
  An ogre zombie (Vaults:1)
  A sky beast zombie (D:11)
  An ogre skeleton (D:7)
  A hound zombie (D:9)
  A hound skeleton (D:8)
  A worker ant zombie (D:11)
  4 gnolls
  26 adders
  65 green rats
  6 giant mites
  5 shadow imps
  9 worms
  3 ufetubi
  An adder skeleton (D:10)
  An adder zombie (D:8)
  An iguana zombie (D:6)
  3 orc zombies
  An iguana skeleton (D:8)
  5 giant geckos
  5 oozes (D:11)
  299 orcs
  A bat skeleton (D:4)
  8 giant cockroaches
  29 hobgoblins
  17 kobolds
  19 quokkas
  5 ball pythons
  12 bats
  8 giant newts
  31 goblins
  A hobgoblin skeleton (D:4)
  15 jackals
  5 orc skeletons
  18 rats
  A rat zombie (D:5)
  3 ballistomycetes (D:10)
  27 fungi
  25 plants
1908 creatures vanquished.

Vanquished Creatures (collateral kills)
  Arachne (Spider:4)
  An Executioner (Vaults:3)
  An orc warlord (Orc:4)
  An emperor scorpion (Spider:5)
  A deep elf demonologist (Vaults:3)
  2 rakshasas (Depths:1)
  A yaktaur captain (Vaults:2)
  An ogre mage (Vaults:3)
  2 ironheart preservers
  An orc high priest (Orc:4)
  Nergalle (Orc:2)
  A deep troll (Vaults:2)
  2 ironbrand convokers
  2 orc knights
  An ugly thing (D:15)
  An orc sorcerer (Orc:4)
  A griffon (Vaults:3)
  A sixfirhy (Orc:4)
  A smoke demon (Lair:8)
  2 orange demons (Orc:4)
  An iron devil (Orc:4)
  A demonic crawler (Spider:4)
  A blue devil (Vaults:3)
  A troll (D:14)
  2 two-headed ogres (Vaults:3)
  2 deep elf magi
  A trapdoor spider (Spider:2)
  A redback (Spider:2)
  A ynoxinul (Orc:4)
  A hell hound (Lair:8)
  A mottled dragon (D:13)
  6 orc warriors
  An orc zombie (Orc:4)
  2 ice beasts (Lair:7)
  2 ogres (Vaults:3)
  A scorpion (Spider:5)
  An orc priest (Orc:4)
  A basilisk skeleton (D:14)
  2 orc wizards
  An ufetubus (Orc:4)
  17 orcs
72 creatures vanquished.

Vanquished Creatures (others)
  A tengu reaver (Depths:1)
  An orb spider (Spider:2)
  A deep troll (Vaults:2)
  A deep elf conjurer (Vaults:3)
  A hill giant (Vaults:1)
  3 trolls
  3 two-headed ogres
  2 air elementals (Depths:1)
  3 ogres
  A centaur (D:14)
  A yaktaur zombie (Vaults:1)
  A giant spore (D:10)
  2 bushes
  7 fungi
  17 plants
45 creatures vanquished.

Grand Total: 2025 creatures vanquished

Notes
Turn   | Place    | Note
--------------------------------------------------------------
     0 | D:1      | Patate, the Minotaur Berserker, began the quest for the Orb.
     0 | D:1      | Reached XP level 1. HP: 19/19 MP: 1/1
   314 | D:1      | Reached skill level 4 in Fighting
   321 | D:1      | Reached XP level 2. HP: 22/27 MP: 1/1
   521 | D:1      | Found a glowing golden altar of the Shining One.
   869 | D:1      | Acquired Trog's second power
  1199 | D:2      | Reached XP level 3. HP: 25/34 MP: 2/2
  1364 | D:2      | Found an iron altar of Okawaru.
  1624 | D:2      | Reached XP level 4. HP: 41/41 MP: 2/2
  1849 | D:2      | Reached skill level 5 in Fighting
  2193 | D:2      | Noticed Crazy Yiuf
  2201 | D:2      | Killed Crazy Yiuf
  2368 | D:2      | Noticed an orc warrior
  2377 | D:2      | Reached XP level 5. HP: 9/48 MP: 2/2
  2379 | D:2      | Killed an orc warrior
  2379 | D:2      | Reached skill level 6 in Fighting
  2382 | D:2      | Reached skill level 5 in Axes
  2409 | D:2      | Reached XP level 6. HP: 18/57 MP: 3/3
  3166 | D:3      | Noticed a gnoll sergeant
  3192 | D:3      | Killed a gnoll sergeant
  3726 | D:4      | Acquired Trog's third power
  3772 | D:4      | Reached skill level 1 in Shields
  3897 | D:4      | Gained mutation: You are covered in fur (AC +1). [potion of beneficial mutation]
  4019 | D:4      | Reached XP level 7. HP: 64/64 MP: 3/3
  4221 | D:5      | Entered Level 5 of the Dungeon
  5128 | D:5      | Reached skill level 5 in Shields
  5707 | D:6      | Got a fine brass ring
  5708 | D:6      | Identified the ring of Anguaklue {Dex+3 Int+2} (You found it on level 6 of the Dungeon)
  5888 | D:6      | Reached XP level 8. HP: 20/71 MP: 3/3
  6229 | D:6      | Reached skill level 7 in Axes
  6283 | D:6      | Reached skill level 8 in Axes
  6461 | D:6      | Reached skill level 9 in Axes
  7226 | D:7      | Noticed Edmund
  7253 | D:7      | Killed Edmund
  7253 | D:7      | Reached skill level 10 in Axes
  7380 | D:7      | Found a shattered altar of Ashenzari.
  7511 | D:7      | Received a gift from Trog
  7702 | D:7      | Reached XP level 9. HP: 78/78 MP: 4/4
  7748 | D:7      | Found a staircase to the Ecumenical Temple.
  7754 | Temple   | Entered the Ecumenical Temple
  8198 | D:7      | Found a shadowy altar of Dithmenos.
  8200 | D:7      | Found a basalt altar of Yredelemnul.
  8435 | D:7      | Reached skill level 11 in Axes
  8891 | D:8      | Noticed Eustachio
  8898 | D:8      | Noticed Erolcha
  8903 | D:8      | Killed Eustachio
  8903 | D:8      | Reached skill level 12 in Axes
  8910 | D:8      | Killed Erolcha
  8910 | D:8      | Reached skill level 13 in Axes
  9522 | D:8      | Found an ancient bone altar of Kikubaaqudgha.
  9668 | D:8      | Reached XP level 10. HP: 84/84 MP: 4/4
  9670 | D:8      | Reached skill level 14 in Axes
  9784 | D:8      | Received a gift from Trog
 10689 | D:9      | Reached skill level 5 in Armour
 11325 | D:10     | Entered Level 10 of the Dungeon
 11680 | D:10     | Reached skill level 15 in Axes
 11685 | D:10     | Received a gift from Trog
 12102 | D:10     | Reached XP level 11. HP: 51/99 MP: 4/4
 12112 | D:10     | Reached skill level 10 in Fighting
 12464 | D:10     | Noticed a hill giant
 12476 | D:10     | Killed a hill giant
 12533 | D:10     | Noticed Erica
 12603 | D:10     | Found a staircase to the Lair.
 13022 | D:10     | Noticed a hill giant
 13039 | D:10     | Killed a hill giant
 13503 | Lair:1   | Entered Level 1 of the Lair of Beasts
 13839 | Lair:1   | Noticed Joseph
 13851 | Lair:1   | Killed Joseph
 15213 | Lair:2   | Reached skill level 16 in Axes
 15477 | Lair:2   | Reached XP level 12. HP: 94/113 MP: 5/5
 16054 | Lair:2   | Upgraded the game from 0.15.0-8-gb109cf8 to 0.15.0-11-g6f4f891
 16185 | Lair:3   | Received a gift from Trog
 16603 | Lair:3   | Noticed a seven-headed hydra
 16612 | Lair:3   | Killed a six-headed hydra
 17063 | Lair:4   | Noticed a seven-headed hydra
 17067 | Lair:4   | Killed a three-headed hydra
 17067 | Lair:4   | Reached skill level 10 in Armour
 17144 | Lair:4   | Noticed an eight-headed hydra
 17152 | Lair:4   | Killed a five-headed hydra
 17187 | Lair:4   | Noticed a four-headed hydra
 17197 | Lair:4   | Killed a hydra
 17269 | Lair:4   | Noticed a six-headed hydra
 17274 | Lair:4   | Killed a four-headed hydra
 17290 | Lair:4   | Noticed benano's ghost (powerful GrBe)
 17306 | Lair:4   | Killed benano's ghost
 17901 | Lair:4   | Received a gift from Trog
 18496 | Lair:5   | Reached XP level 13. HP: 125/125 MP: 5/5
 18603 | Lair:5   | Reached skill level 17 in Axes
 18650 | Lair:5   | Reached skill level 15 in Fighting
 18694 | Lair:5   | Noticed Harold
 18710 | Lair:5   | Killed Harold
 18822 | Lair:5   | Found a staircase to the Shoals.
 19237 | Lair:6   | Noticed Maud
 19245 | Lair:6   | Killed Maud
 19379 | Lair:6   | Received a gift from Trog
 19800 | Lair:6   | Noticed Rupert
 19806 | Lair:6   | Paralysed by Rupert for 4 turns
 19824 | Lair:6   | Killed Rupert
 20110 | Lair:6   | Found a hole to the Spider Nest.
 20437 | Lair:7   | Noticed Fannar
 20527 | Lair:7   | Received a gift from Trog
 20531 | Lair:7   | Got a transparent war axe {god gift}
 20532 | Lair:7   | Identified the +4 war axe "Beastslayer" {elec, +Inv rPois rC- Str+2} (Trog gifted it to you on level 7 of the Lair of Beasts)
 20774 | Lair:7   | Got an encrusted leather armour
 20785 | Lair:7   | Identified the +3 leather armour of the Quahog {rElec rPois} (You found it on level 7 of the Lair of Beasts)
 20966 | Lair:7   | Found a viscous altar of Jiyva.
 20967 | Lair:7   | Found a staircase to the Slime Pits.
 21296 | Lair:7   | Killed Fannar
 21940 | Lair:8   | Entered Level 8 of the Lair of Beasts
 21956 | Lair:8   | Received a gift from Trog
 22017 | Lair:8   | Reached XP level 14. HP: 134/138 MP: 5/5
 22061 | Lair:8   | Received a gift from Trog
 22073 | Lair:8   | Got a faintly glowing trident {god gift}
 22074 | Lair:8   | Identified the +2 trident of Triumph {elec, rC++ MR+} (Trog gifted it to you on level 8 of the Lair of Beasts)
 22110 | Lair:8   | Found a shimmering altar of Xom.
 22196 | Lair:8   | Reached skill level 18 in Axes
 22811 | Lair:8   | Found a burning altar of Makhleb.
 23242 | Lair:8   | Found a gateway to Hell.
 23325 | Lair:8   | Got a pitted trident
 23326 | Lair:8   | Identified the cursed +0 trident of Death's Door {pierce, Str+3} (You found it on level 8 of the Lair of Beasts)
 23421 | Lair:8   | Received a gift from Trog
 24136 | D:10     | Killed Erica
 25705 | D:12     | Found a frozen archway.
 25718 | D:12     | Received a gift from Trog
 25862 | D:12     | Found a staircase to the Orcish Mines.
 26541 | Orc:1    | Entered Level 1 of the Orcish Mines
 27010 | Orc:2    | Gained mutation: You occasionally shout uncontrollably at your foes. [potion of mutation]
 27010 | Orc:2    | Gained mutation: Your flesh is cold resistant. [potion of mutation]
 27010 | Orc:2    | Lost mutation: Your flesh is cold resistant. [potion of mutation]
 27122 | Orc:2    | Noticed Nergalle
 27136 | Orc:2    | Killed Nergalle
 27780 | Orc:1    | Received a gift from Trog
 28585 | Orc:3    | Received a gift from Trog
 28614 | Orc:3    | Found a staircase to the Elven Halls.
 28934 | Orc:4    | Entered Level 4 of the Orcish Mines
 29210 | Orc:4    | Received a gift from Trog
 29218 | Orc:4    | Got a dazzling war axe {god gift}
 29219 | Orc:4    | Identified the +9 war axe "Focs" {freeze, Str+1 Stlth+} (Trog gifted it to you on level 4 of the Orcish Mines)
 30074 | D:12     | Got a pair of bloodstained gloves
 30075 | D:12     | Identified the +0 pair of gloves of Sif Muna's Supremacy {rF+} (You found it on level 12 of the Dungeon)
 30348 | Orc:1    | Received a gift from Trog
 30645 | Orc:4    | Reached XP level 15. HP: 150/150 MP: 6/6
 30791 | Orc:4    | Found a roughly hewn altar of Beogh.
 30987 | Orc:4    | Found Luzouvuod's Magic Scroll Boutique.
 31001 | Orc:4    | Received a gift from Trog
 31007 | Orc:4    | Bought a scroll of fear for 56 gold pieces
 31007 | Orc:4    | Bought a scroll of fear for 56 gold pieces
 31014 | Orc:4    | Found Trou's Assorted Antiques.
 31179 | Orc:4    | Reached skill level 19 in Fighting
 31317 | Orc:4    | Got a bloodstained spear
 31318 | Orc:4    | Identified the +8 spear of the Rattle-Snake {pierce, +Blink rF++ Str+3} (You found it on level 4 of the Orcish Mines)
 31604 | Orc:4    | Noticed an orc warlord
 31617 | Orc:4    | Killed an orc warlord
 31630 | Orc:4    | Found a roughly hewn altar of Beogh.
 31664 | Orc:4    | Found Kheemn's Food Shop.
 32070 | Orc:4    | Received a gift from Trog
 32083 | Orc:4    | Found Fakos' Weapon Boutique.
 33114 | D:13     | Found a white marble altar of Elyvilon.
 33842 | D:13     | Received a gift from Trog
 34348 | D:14     | Found a gate to the Vaults.
 34814 | D:14     | Reached skill level 20 in Fighting
 35185 | D:14     | Reached skill level 15 in Armour
 35821 | Lair:2   | Noticed an eight-headed hydra
 35837 | Lair:2   | Killed a 13-headed hydra
 36087 | Slime:1  | Entered Level 1 of the Pits of Slime
 36471 | Slime:1  | Received a gift from Trog
 36597 | Slime:1  | Noticed an acid blob
 36971 | D:15     | Entered Level 15 of the Dungeon
 37007 | D:15     | Reached XP level 16. HP: 165/165 MP: 6/6
 37699 | D:15     | Found a staircase to the Depths.
 38164 | D:15     | Got a wavering marble ring
 38379 | Depths:1 | Entered Level 1 of the Depths
 38379 | Depths:1 | Noticed Nikola
 38390 | Depths:1 | Noticed Sojobo
 38404 | D:15     | Killed Nikola
 38404 | D:15     | Reached skill level 21 in Fighting
 39125 | Depths:1 | Noticed a storm dragon
 39146 | Depths:1 | HP: 8/167 [storm dragon (3)]
 39494 | Depths:1 | Killed Sojobo
 40531 | Depths:1 | Killed a storm dragon
 41708 | Lair:2   | Identified the ring "Evo Muk" {Str+4 SInv} (You found it on level 15 of the Dungeon)
 41841 | Spider:1 | Entered Level 1 of the Spider Nest
 42082 | Spider:1 | Identified a scroll of acquirement
 42277 | Spider:1 | Got a heavily runed copper ring
 42309 | Spider:1 | Got a flickering amethyst amulet
 42310 | Spider:1 | Identified the amulet "Waxavor" {Stasis MR+} (You acquired it on level 1 of the Spider Nest)
 42312 | Spider:1 | Identified the ring of Heyr {SustAb rN+} (You found it on level 1 of the Spider Nest)
 42356 | Spider:1 | Reached XP level 17. HP: 176/176 MP: 6/6
 42397 | Spider:1 | Received a gift from Trog
 43327 | Spider:2 | Reached skill level 22 in Fighting
 45667 | Spider:3 | Received a gift from Trog
 46250 | Spider:3 | Reached skill level 1 in Evocations
 47179 | Spider:4 | Noticed Arachne
 47187 | Spider:4 | Reached skill level 5 in Evocations
 47200 | Spider:4 | Killed Arachne
 47484 | Spider:4 | Lost mutation: You occasionally shout uncontrollably at your foes. [potion of cure mutation]
 47484 | Spider:4 | Lost mutation: You are covered in fur (AC +1). [potion of cure mutation]
 47485 | Spider:4 | Gained mutation: Your flesh is cold resistant. [potion of beneficial mutation]
 47950 | Spider:5 | Entered Level 5 of the Spider Nest
 49258 | Spider:5 | Received a gift from Trog
 49272 | Spider:5 | Reached skill level 10 in Evocations
 49427 | Spider:5 | Reached XP level 18. HP: 174/185 MP: 27/27
 50654 | Spider:5 | Reached skill level 10 in Shields
 50748 | Spider:5 | Got a gossamer rune of Zot
 51200 | Lair:2   | Upgraded the game from 0.15.0-11-g6f4f891 to 0.15.0-12-gccce430
 51378 | Slime:1  | Killed an acid blob
 51864 | Vaults:1 | Entered Level 1 of the Vaults
 51942 | Vaults:1 | Found Stroqokh's Distillery.
 51947 | Vaults:1 | Bought a potion of might for 40 gold pieces
 51947 | Vaults:1 | Bought 2 potions of curing for 64 gold pieces
 52039 | Vaults:1 | Received a gift from Trog
 53029 | Vaults:1 | Received a gift from Trog
 53501 | Vaults:1 | Reached skill level 23 in Fighting
 53522 | Vaults:1 | Noticed Donald
 53532 | Vaults:1 | Killed Donald
 54274 | Vaults:1 | Received a gift from Trog
 54658 | Vaults:1 | Noticed Agnes
 54663 | Vaults:1 | Killed Agnes
 55216 | Vaults:2 | Received a gift from Trog
 55407 | Vaults:2 | Reached XP level 19. HP: 148/195 MP: 27/27
 56695 | Vaults:2 | Received a gift from Trog
 57144 | Vaults:2 | Found a staircase to the Crypt.
 57330 | Vaults:2 | Reached skill level 24 in Fighting
 58700 | Vaults:3 | Received a gift from Trog
 59496 | Vaults:3 | Found Wintideb's General Store.
 59807 | Vaults:3 | HP: 4/200 [disintegration[a lich] (29)]
 59807 | Vaults:3 | HP: 1/200 [Shadow Fiend[a lich] (3)]
 59807 | Vaults:3 | Slain by a Shadow Fiend

Action                   |  1- 3 |  4- 6 |  7- 9 | 10-12 | 13-15 | 16-18 | 19-21 || total
-------------------------+-------+-------+-------+-------+-------+-------+-------++-------
Melee: Hand axe          |   118 |   198 |   334 |       |       |       |       ||   650
       Broad axe         |       |       |   110 |   611 |   545 |       |       ||  1266
       War axe           |       |       |       |       |   934 |  1522 |   476 ||  2932
       Trident           |       |       |       |       |   244 |       |       ||   244
Invok: Berserk           |       |     2 |     1 |       |     1 |       |       ||     4
       Trog's Hand       |       |     1 |     1 |       |     7 |     8 |     6 ||    23
       Burn Spellbooks   |       |       |     2 |     1 |     4 |     3 |     2 ||    12
       Brothers in Arms  |       |       |       |     1 |    12 |     8 |     5 ||    26
Evoke: Wand              |       |       |       |     1 |     5 |     4 |     3 ||    13
       Lamp of fire      |       |       |       |       |       |     1 |     1 ||     2
  Use: Potion            |       |     8 |     2 |     7 |     5 |     6 |     2 ||    30
       Scroll            |       |       |     8 |     6 |    13 |    16 |     1 ||    44
 Stab: Distracted        |       |       |       |       |     1 |       |       ||     1
       Confused          |       |       |       |       |     1 |       |       ||     1
       Sleeping          |       |       |       |       |       |     1 |       ||     1
  Eat: Chunk             |     2 |    10 |    19 |    28 |    60 |    48 |    16 ||   183
       Pizza             |       |       |       |     1 |       |       |       ||     1
       Fruit             |       |       |       |       |     6 |    15 |       ||    21
